 Dungeon Crawl Stone Soup version 0.30-a0-242-g7bf8e6d787 (webtiles) character file.

Game seed: 8316308605702612195

581 koil the Covert (level 7, -3/32 HPs)
             Began as a Spriggan Enchanter on Oct 11, 2022.
             Slain by an iguana (13 damage)
             ... on level 4 of the Dungeon.
             The game lasted 00:14:03 (3151 turns).

koil the Covert (Spriggan Enchanter)                Turns: 3151, Time: 00:14:04

Health: -3/32      AC:  3    Str:  4    XL:     7   Next: 13%
Magic:  3/14       EV: 18    Int: 17    God:
Gold:   156        SH:  0    Dex: 17    Spells: 9/14 levels left

rFire   . . .      SeeInvis +    a - +1 dagger
rCold   . . .      Faith    .    (no shield)
rNeg    . . .      Spirit   .    b - +0 robe
rPois   .          Reflect  .    (helmet restricted)
rElec   .          Harm     .    g - +0 cloak
rCorr   .          Rampage  .    (gloves unavailable)
Will    +....                    (boots unavailable)
Stlth   ++++......               (no amulet)
HPRegen 0.25/turn                (no ring)
MPRegen 0.14/turn                (no ring)

@: very quick
A: very small, no large weapons, unfitting armour, see invisible, speed 3
a: no special abilities


You were on level 4 of the Dungeon.
You visited 1 branch of the dungeon, and saw 4 of its levels.

You collected 156 gold pieces.

Inventory:

Hand Weapons
 a - a +1 dagger (weapon)
 j - a +3 quarterstaff of chaos
 k - a +0 dagger of venom
 r - the +5 whip of the Fortifying Stork {venom, rF+ rC+ Str-2 Dex+4}
   (You found it on level 3 of the Dungeon)

   It poisons the flesh of those it strikes.
   Str:       It affects your strength (-2).
   Dex:       It affects your dexterity (+4).
   rF:        It protects you from fire.
   rC:        It protects you from cold.
Missiles
 h - 10 poisoned darts (quivered)
Armour
 b - a +0 robe (worn)
 g - a +0 cloak (worn)
Wands
 p - a wand of acid (8)
 s - a wand of polymorph (11)
 u - a wand of digging (5)
Scrolls
 d - 4 scrolls of identify {unknown}
 e - a scroll of amnesia {unknown}
 f - 2 scrolls of blinking {unknown}
 m - a scroll of poison {unknown}
 q - a scroll of enchant armour {unknown}
Potions
 c - 2 potions of invisibility
 i - a potion of haste {unknown}
 l - 2 potions of heal wounds {unknown}
 n - a potion of resistance {unknown}
 o - a potion of brilliance {unknown}
 t - a potion of mutation {unknown}
 v - a potion of lignification {unknown}
 w - a potion of might {unknown}


   Skills:
 + Level 0.8 Fighting
 + Level 3.7 Short Blades
 + Level 3.3 Dodging
 + Level 8.8 Stealth
 + Level 4.4 Spellcasting
 + Level 4.8 Hexes
 + Level 1.0 Ice Magic


You had 9 spell levels left.
You knew the following spells:

 Your Spells              Type           Power      Damage    Failure   Level
a - Ensorcelled Hibernat  Hex/Ice        26%        N/A       7%          2
b - Confusing Touch       Hex            20%        N/A       6%          3

Your spell library contained the following spells:

 Spells                   Type           Power      Damage    Failure   Level
 Tukima's Dance           Hex            20%        N/A       6%          3
 Apportation              Tloc           6%         N/A       16%         1
 Dazzling Flash           Conj/Hex       22%        N/A       17%         3
 Gell's Gravitas          Tloc           3%         N/A       41%         3
 Lesser Beckoning         Tloc           6%         N/A       41%         3
 Teleport Other           Tloc           3%         N/A       41%         3


Dungeon Overview and Level Annotations

Branches:
Dungeon (4/15)
 Temple: D:4-7

Altars:
Kikubaaqudgha
Sif Muna
Vehumet

Shops:
D:1 *

Annotations:
D:4 2 transporters, baller8008's ghost, amateur AtFi


Innate Abilities, Weirdness & Mutations

You are very small and have problems with some larger weapons.
You are too small for most types of armour.
You have supernaturally acute eyesight. (SInv)
You cover ground extremely quickly. (Speed+++)


Message History

Casting: Ensorcelled Hibernation (safe; 7% risk of failure)
Confirm with . or Enter, or press ? or * to list all spells.
You don't have enough magic to cast this spell.
Unknown command.
You hit the iguana.
The iguana is moderately wounded.
The iguana completely misses you.
You hit the iguana.
The iguana is moderately wounded.
The iguana barely misses you.
You hit the iguana but do no damage. You punch the iguana, but do no damage.
The iguana is moderately wounded.
The iguana bites you.
You barely miss the iguana.
The iguana is moderately wounded.
You hit the iguana but do no damage.
The iguana is moderately wounded.
The iguana completely misses you.
You hit the iguana but do no damage.
The iguana is moderately wounded.
The iguana completely misses you.
You hit the iguana.
The iguana is heavily wounded.
The iguana completely misses you.
You hit the iguana.
The iguana is heavily wounded.
The iguana misses you.
You barely miss the iguana.
The iguana is heavily wounded.
Your magical contamination has completely faded away.
You hit the iguana.
The iguana is heavily wounded.
The iguana completely misses you.
You hit the iguana.
The iguana is heavily wounded.
The iguana bites you!
You hit the iguana.
The iguana is severely wounded.
The iguana bites you!
You die...

##### #...#####
#.... ..# ... #.#
#l# #>###########
#@####............
#.....####........
#.###.# #.#######
#.# #.# #.#
#†###.####.#####
#..............#
###.##.#######.# #
.# .# #.# # # .#
#.# #


You could see an iguana.

Vanquished Creatures
  Grinder (D:3)
  Crazy Yiuf (D:2)
  An orc priest (D:3)
  3 iguanas
  Natasha (thrice) (D:3)
  2 orc wizards (D:3)
  Ijyb (D:3)
  2 adders
  A worm (D:2)
  2 dart slugs
  3 orcs (D:3)
  7 endoplasms
  4 giant cockroaches
  8 hobgoblins
  2 jackals (D:1)
  5 quokkas
  4 ball pythons
  3 bats
  6 frilled lizards
  9 goblins
  4 kobolds
  4 rats
76 creatures vanquished.

Notes
Turn   | Place    | Note
-------+----------+-------------------------------------------
     0 | D:1      | koil the Spriggan Enchanter began the quest for the Orb.
     0 | D:1      | Reached XP level 1. HP: 9/9 MP: 5/5
    91 | D:1      | Found a faded altar of an unknown god.
   196 | D:1      | Reached skill level 5 in Stealth
   262 | D:1      | Reached XP level 2. HP: 9/13 MP: 6/6
   265 | D:1      | Learned a level 2 spell: Ensorcelled Hibernation
   676 | D:1      | Found Ynuim's Assorted Antiques.
   793 | D:2      | Reached XP level 3. HP: 16/16 MP: 8/8
  1248 | D:2      | Found a runed translucent door.
  1249 | D:2      | Noticed Crazy Yiuf
  1260 | D:2      | Killed Crazy Yiuf
  1261 | D:2      | Reached skill level 6 in Stealth
  1261 | D:2      | Reached XP level 4. HP: 21/21 MP: 2/9
  1403 | D:3      | Reached XP level 5. HP: 7/25 MP: 0/10
  1680 | D:3      | Noticed Ijyb
  1687 | D:3      | Killed Ijyb
  1715 | D:3      | Identified the +5 whip of the Fortifying Stork {venom, rF+
                  | rC+ Str-2 Dex+4}
  1761 | D:3      | Noticed Natasha
  1768 | D:3      | Killed Natasha
  1826 | D:3      | Noticed Grinder
  1834 | D:3      | Learned a level 3 spell: Confusing Touch
  1850 | D:3      | Killed Grinder
  1851 | D:3      | Reached skill level 8 in Stealth
  1851 | D:3      | Reached XP level 6. HP: 17/29 MP: 9/13
  1918 | D:3      | Found an ancient bone altar of Kikubaaqudgha.
  1918 | D:3      | Found a shimmering blue altar of Sif Muna.
  1920 | D:3      | Found a radiant altar of Vehumet.
  1925 | D:3      | Got Sif Muna's Anthology of the Excursion
  2129 | D:3      | Reached skill level 1 in Ice Magic
  2359 | D:3      | Noticed Natasha
  2371 | D:3      | Killed Natasha
  2721 | D:3      | Noticed Natasha
  2730 | D:3      | Killed Natasha
  2833 | D:4      | Reached XP level 7. HP: 32/32 MP: 14/14
  2890 | D:4      | Noticed baller8008's ghost (amateur AtFi)
  2891 | D:4      | Found a transporter.
  2903 | D:4      | Found a transporter.
  3151 | D:4      | Slain by an iguana

Illustrated notes

Levels and vault maps discovered:
D:1:      heliophobic_arrival_glass_houses, layout_loops_ring, serial_shops,
          nicolae_shop_temple_entry_statues_fountains,
          hellmonk_ecumenical_altar_blasted
D:2:      layout_rooms, uniq_crazy_yiuf_cottage
D:3:      layout_loops_ring, grunt_temple_overflow_magic_moments, uniq_natasha,
          uniq_ijyb, uniq_grinder
D:4:      layout_loops_ring, gammafunk_ghost_arena, nicolae_shop_gadgets

Skill      XL: |  1  2  3  4  5  6 |
---------------+-------------------+-----
Stealth        | 5 6 8 |  8.8
Hexes          | 4 |  4.8
Short Blades   | 2 3 |  3.7
Dodging        | 3 |  3.3
Spellcasting   | 4 |  4.4
Ice Magic      | 1 |  1.0
Fighting       | |  0.8

Action                   |  1- 3 |  4- 6 |  7- 9 || total
-------------------------+-------+-------+-------++-------
Melee: Dagger            |   152 |    53 |    48 ||   253
       Punch             |       |       |     1 ||     1
 Cast: Ensorcelled Hiber |     5 |    21 |     7 ||    33
       Confusing Touch   |       |     1 |       ||     1
 Stab: Sleeping          |    14 |    17 |     4 ||    35
       Confused          |       |     2 |       ||     2
Armor: Robe              |    17 |     3 |     2 ||    22
Dodge: Dodged            |   125 |    27 |    34 ||   186

Table legend: (Time is in decaauts)
 A = Elapsed time spent in this place.
 B = Non-inter-level travel time spent in this place.
 C = Inter-level travel time spent in this place.
 D = Time resting spent in this place.
 E = Time spent auto-exploring this place.
 F = Levels seen in this place.
 G = Mean time per level.
                   A        B        C        D        E       F      G
               +--------+--------+--------+--------+--------+-----+--------+
         Total |   2246 |   2085 |    161 |     77 |   1391 |   4 |  561.5 |
       Dungeon |   2246 |   2085 |    161 |     77 |   1391 |   4 |  561.5 |
               +--------+--------+--------+--------+--------+-----+--------+

Top non-repeatable levels by time:
     D:3: 994 daAuts
     D:1: 500 daAuts
     D:2: 468 daAuts
     D:4: 284 daAuts
